Map: Pillars of Gold LE

Players

ViBE - Winner!

  • Race: Zerg Zerg
  • League: Bronze
  • Spawn Location: 7:00

Varela

  • Race: Terran Terran
  • Spawn Location: 1:00

VOD

https://www.youtube.com/watch?v=VjhJ7E-kFgw&list=PLFeZeom2b4DnD3FIu7pzkXl51JX_WWz2h&index=2

Description

Time

  • Played on: March 11, 2021, 12:16 a.m.
  • Length: 19:03
Show
View Real Time Build Order
Export as new Build Order

ViBE Zerg - Winner!

Build Orders: Hatch First 

Get SALT Encoding   

  12  0:01  Drone  
  13  0:13  Overlord  
  13  0:18  Drone  
  14  0:32  Drone x2  
  16  0:52  Hatchery  
  15  1:00  Drone  
  15  1:01  Drone x2  
  18  1:19  Spawning Pool  
  18  1:21  Drone  
  18  1:32  Extractor  
  18  1:34  Drone x2  
  19  1:46  Drone  
  20  2:04  Overlord  
  20  2:06  Drone x2  
  22  2:09  Queen  
  22  2:10  Queen  
  26  2:17  Drone x2  
  28  2:27  Drone x2  
  30  2:42  Drone  
  30  2:43  Drone  
  32  2:47  Drone  
  33  2:55  Lair  
  33  2:56  Queen  
  35  3:02  Overlord  
  35  3:05  Drone  
  36  3:22  Drone x8  
  36  3:25  Roach Warren  
  43  3:28  Evolution Chamber  
  42  3:34  Overlord  
  42  3:41  Drone x2  
  42  3:45  Extractor x2  
  42  3:54  Drone x3  
  45  3:56  Drone  
  46  4:07  Hatchery  
  45  4:15  Drone x2  
  47  4:17  Zerg Missile Weapons Level 1, Glial Reconstitution  
  47  4:21  Overlord x3  
  47  4:34  Roach x2  
  51  4:41  Roach x3  
  51  4:42  Roach  
  59  4:46  Drone x5  
  59  4:47  Queen  
  66  5:01  Overlord  
  66  5:04  Overlord  
  66  5:06  Drone x4  
  70  5:12  Drone  
  70  5:13  Drone x3  
  74  5:27  Drone  
  74  5:28  Drone x2  
  77  5:43  Drone x7  
  77  5:44  Drone x3  
  87  5:55  Extractor  
  87  5:56  Extractor  
  85  5:57  Hydralisk Den  
  85  5:59  Evolution Chamber  
  83  6:08  Extractor  
  82  6:12  Drone  
  82  6:13  Drone  
  82  6:15  Drone x3  
  87  6:30  Hatchery, Grooved Spines  
  87  6:31  Overlord x5  
  87  6:32  Overlord  
  86  6:33  Hydralisk  
  86  6:34  Hydralisk x5  
  98  6:55  Hydralisk  
  98  6:56  Hydralisk x10  
  120  7:30  Drone x13  
  120  7:31  Drone x2  
  135  7:38  Zerg Missile Weapons Level 2  
  135  7:39  Zerg Ground Armor Level 1  
  135  7:41  Muscular Augments  
  135  7:43  Infestation Pit  
  134  7:53  Drone  
  134  7:54  Drone x7  
  134  7:58  Extractor x2  
  141  8:00  Hatchery  
  139  8:13  Overlord x5  
  139  9:13  Overlord  
  139  9:15  Hydralisk x18  
  139  9:16  Hydralisk x10  
  195  9:54  Hive  
  195  9:56  Zerg Ground Armor Level 2  
  195  9:58  Hydralisk x2  
  181  13:07  Hydralisk x12  
  121  13:41  Extractor  
  121  13:42  Extractor  
  121  13:44  Hydralisk x19  
  121  13:45  Hydralisk x21  
  199  13:50  Hatchery  
  194  14:24  Drone x2  
  194  14:27  Drone x2  
  194  14:28  Drone  
  186  14:32  Drone  
  186  14:33  Drone x2  
  186  14:35  Overlord x3  
  187  15:25  Zerg Ground Armor Level 3, Zerg Missile Weapons Level 3  
  183  15:49  Hatchery  
  166  15:55  Hydralisk x8  
  166  15:56  Hydralisk x23  
  198  15:57  Hydralisk x2  
  198  15:58  Hydralisk  
  198  15:59  Hydralisk x2  
  198  16:00  Hydralisk x2  
  198  16:01  Hydralisk x3  
  198  16:02  Hydralisk  
  198  16:03  Hydralisk  
  198  16:06  Extractor  
  198  16:09  Extractor  
  176  16:14  Hydralisk  
  176  16:15  Hydralisk x11  
  184  16:35  Drone x2  
  184  16:36  Drone  
  184  16:37  Drone x4  
  184  16:39  Drone x9  
  196  16:42  Drone  
  195  17:01  Spore Crawler  
  195  17:04  Spore Crawler x2  
  195  17:06  Spore Crawler  
  191  17:10  Spore Crawler  
  191  17:13  Spore Crawler  
  191  17:15  Spore Crawler  
  172  17:25  Hydralisk  
  172  17:26  Hydralisk x14  
  199  17:32  Queen, Hatchery  
  198  17:43  Spore Crawler  
  187  17:45  Drone  
  187  17:46  Drone x13  
  198  17:56  Drone x4  
  195  18:16  Hatchery  
  195  18:19  Spore Crawler  
  189  18:35  Drone x5  
  189  18:36  Drone x6  
Show
View Real Time Build Order
Export as new Build Order

Varela Terran 

Build Orders:  

Get SALT Encoding   

  12  0:00  SCV  
  13  0:12  SCV  
  14  0:20  Supply Depot  
  14  0:25  SCV  
  15  0:42  SCV  
  16  0:45  Supply Depot  
  16  0:49  Barracks  
  16  0:56  SCV  
  17  1:07  Supply Depot  
  17  1:10  Refinery, SCV  
  18  1:19  Refinery  
  18  1:22  SCV  
  19  1:34  SCV  
  20  1:46  SCV  
  21  1:58  SCV  
  22  2:04  Supply Depot  
  22  2:10  SCV  
  22  2:12  Engineering Bay  
  23  2:22  SCV  
  24  2:24  Marine  
  25  2:31  Factory  
  25  2:41  Marine  
  25  2:42  Missile Turret  
  26  3:03  Missile Turret  
  26  3:24  Orbital Command, Missile Turret  
  26  3:26  Starport, Factory Tech Lab  
  26  3:40  Marine  
  27  3:50  Missile Turret  
  27  3:56  SCV  
  27  3:58  Marine  
  29  4:03  Siege Tank  
  29  4:04  Starport  
  29  4:08  SCV  
  33  4:11  Missile Turret  
  33  4:18  Fusion Core  
  33  4:20  Starport Tech Lab  
  33  4:33  Missile Turret  
  33  4:35  Siege Tank  
  33  4:36  Armory  
  36  4:43  Starport Tech Lab  
  36  5:01  Missile Turret  
  36  5:09  Starport  
  36  5:10  Siege Tank  
  39  5:41  Missile Turret  
  39  5:42  Command Center  
  39  5:52  Sensor Tower, Starport, Starport Tech Lab  
  39  6:19  Siege Tank  
  42  6:38  Refinery x2  
  42  6:42  Starport Tech Lab  
  42  6:48  Starport  
  42  7:02  Missile Turret  
  42  7:05  SCV  
  43  7:10  SCV  
  44  7:17  SCV  
  44  7:20  Battlecruiser  
  51  7:22  SCV  
  51  7:29  SCV  
  53  7:35  SCV, Starport  
  54  7:41  SCV  
  54  7:44  Missile Turret  
  55  7:47  SCV  
  56  7:53  SCV  
  57  8:04  Missile Turret  
  57  8:05  SCV  
  58  8:14  Starport Tech Lab  
  58  8:16  Missile Turret  
  58  8:17  SCV  
  59  8:27  Missile Turret  
  59  8:29  SCV  
  60  8:36  Missile Turret  
  60  8:37  Supply Depot  
  60  8:50  Missile Turret  
  60  8:52  Weapon Refit  
  60  8:55  Terran Vehicle And Ship Armor Level 1  
  60  8:59  Battlecruiser, Missile Turret  
  60  9:01  Supply Depot  
  66  9:14  Missile Turret  
  66  9:25  Supply Depot  
  66  9:37  Orbital Command  
  66  9:39  Sensor Tower  
  66  9:47  Supply Depot, Missile Turret  
  66  9:49  Battlecruiser  
  72  10:08  Command Center  
  72  10:14  Supply Depot  
  72  10:18  Missile Turret  
  72  10:37  Supply Depot  
  72  10:40  Missile Turret  
  72  10:41  Battlecruiser  
  78  10:49  Terran Ship Weapons Level 1  
  78  11:00  Supply Depot  
  78  11:18  Starport Tech Lab  
  78  11:19  Battlecruiser  
  78  11:20  Battlecruiser  
  90  11:31  Battlecruiser  
  96  12:00  Battlecruiser  
  102  12:41  Battlecruiser  
  102  12:42  Terran Vehicle And Ship Armor Level 2  
  77  13:50  Siege Tank  
  74  14:11  Battlecruiser x2  
  74  14:16  Battlecruiser  
  92  14:22  Siege Tank  
  95  14:26  Refinery  
  95  14:28  Refinery  
  71  14:47  Battlecruiser  
  77  14:54  Siege Tank  
  77  14:57  SCV  
  80  15:19  Battlecruiser  
  82  15:34  Command Center  
  67  16:52  Siege Tank  
  55  17:25  Siege Tank  
  33  17:46  Battlecruiser  
  39  17:57  Siege Tank  
Tags
 
League
Bronze
Matchup
TvZ
Player
ViBE
Replay Pack
Bronze_League
Spawn Locations
Cross Positions
Add a new tag
Caveats
  • Supply blocks, unpowered buildings, or Contaminate may cause inaccurate times.
  • Supply counts are checked every 10 seconds.